Map: Interloper LE

Players

Smiteon

  • Race: Zerg Zerg
  • League: Gold
  • Spawn Location: 5:00

Metasapien - Winner!

  • Race: Zerg Zerg
  • League: Platinum
  • Spawn Location: 11:00

VOD

Have the link to the VOD?

Description

Time

  • Played on: Sept. 17, 2017, 8:51 p.m.
  • Length: 14:30
Show
View Real Time Build Order
Export as new Build Order

Smiteon Zerg 

Build Orders: Pool First, Muta Ling Bane 

Get SALT Encoding   

  12  0:00  Drone  
  13  0:13  Overlord  
  13  0:17  Drone  
  14  0:23  Extractor  
  14  0:24  Drone  
  15  0:31  Drone  
  15  0:34  Drone  
  17  0:41  Extractor  
  16  0:45  Drone  
  17  0:53  Spawning Pool  
  17  0:56  Drone  
  17  1:08  Drone  
  18  1:25  Hatchery  
  17  1:34  Drone x2  
  17  1:39  Drone  
  20  1:43  Metabolic Boost  
  20  1:56  Zergling x2  
  21  2:05  Zergling x2  
  22  2:15  Zergling x2  
  22  2:27  Overlord  
  22  2:36  Queen  
  22  2:37  Queen  
  24  2:40  Zergling x4  
  28  2:46  Zergling x2  
  28  2:49  Zergling x2  
  30  3:02  Drone x2, Baneling Nest  
  30  3:03  Extractor  
  30  3:06  Zergling x2  
  30  3:12  Zergling x2  
  32  3:25  Zergling x4  
  32  3:26  Drone  
  35  3:44  Overlord  
  35  3:50  Drone  
  35  3:54  Baneling x4  
  35  3:55  Baneling  
  36  4:02  Overlord  
  36  4:19  Overlord x2, Queen x2  
  36  4:22  Drone x2  
  32  4:51  Zergling x16  
  32  4:52  Zergling x2  
  40  5:08  Drone  
  40  5:09  Spine Crawler  
  40  5:10  Spine Crawler  
  39  5:25  Drone  
  39  5:26  Drone x4  
  39  5:55  Zergling x6  
  39  5:56  Zergling x12  
  42  6:24  Zergling x2  
  41  6:26  Queen  
  41  6:28  Drone x2  
  41  6:31  Queen  
  45  7:07  Lair  
  45  7:14  Zergling x12  
  45  7:15  Zergling x14  
  57  7:16  Spine Crawler, Zergling x4  
  59  7:25  Drone, Evolution Chamber x2  
  59  7:27  Drone x2  
  60  7:51  Hatchery  
  59  7:55  Zerg Ground Armor Level 1, Zerg Melee Weapons Level 1  
  59  8:02  Zergling x2  
  59  8:05  Overlord x3  
  60  8:15  Overlord x2  
  60  8:27  Spire  
  59  8:29  Drone x2  
  60  8:46  Drone  
  60  8:47  Drone x7  
  68  8:54  Queen  
  70  9:06  Drone x3  
  73  9:17  Centrifical Hooks  
  73  9:31  Overseer  
  73  9:37  Queen  
  75  9:54  Mutalisk x4  
  75  9:55  Mutalisk x7  
  97  10:05  Mutalisk x3  
  103  10:08  Baneling  
  103  10:09  Baneling x2  
  103  10:13  Drone x3  
  106  10:22  Extractor  
  106  10:27  Baneling x3  
  106  10:28  Baneling  
  105  10:48  Baneling  
  105  10:49  Baneling x4  
  103  10:50  Zergling x4  
  103  10:51  Overlord, Zergling x2  
  103  10:52  Overlord x3  
  102  11:37  Hatchery  
  71  11:57  Zergling x18  
  71  11:58  Zergling x26  
  83  12:14  Zergling x10  
  82  12:20  Zergling x2  
  82  12:21  Zergling x2  
  83  12:37  Zergling x8  
  83  12:39  Queen  
  83  12:40  Queen x2  
  74  13:13  Zergling x4  
  74  13:14  Zergling x28  
  69  13:23  Zergling x2  
  70  13:27  Zergling x6  
  70  13:32  Queen  
  70  13:34  Zergling x4  
  77  13:40  Zergling x4  
  78  13:46  Baneling x8  
  78  13:47  Baneling x2  
  77  13:50  Zergling x6  
  77  13:51  Zergling x2  
  77  13:52  Zergling x8  
  80  13:58  Zergling x14  
  75  14:08  Zergling x8  
  76  14:12  Zergling x4  
Show
View Real Time Build Order
Export as new Build Order

Metasapien Zerg - Winner!

Build Orders: Pool First 

Get SALT Encoding   

  12  0:01  Drone  
  13  0:23  Spawning Pool  
  13  0:26  Drone  
  13  0:30  Extractor  
  13  0:33  Drone  
  13  0:42  Overlord  
  13  0:49  Drone  
  14  1:01  Drone x2  
  16  1:13  Zergling x2  
  17  1:30  Hatchery  
  16  1:38  Metabolic Boost  
  16  1:41  Drone  
  17  1:47  Drone  
  17  1:49  Drone  
  19  1:57  Zergling x2  
  20  2:09  Drone  
  21  2:29  Drone  
  22  2:41  Queen, Hatchery  
  22  2:42  Overlord  
  23  2:47  Drone  
  24  2:55  Drone x2  
  26  3:03  Queen  
  28  3:11  Drone x2  
  29  3:23  Zergling x8  
  33  3:36  Spine Crawler  
  32  3:42  Spine Crawler  
  31  3:50  Zergling x8  
  31  3:52  Overlord  
  35  4:01  Drone, Queen  
  38  4:06  Drone  
  39  4:10  Drone x2  
  39  4:12  Drone  
  42  4:20  Drone  
  42  4:21  Drone  
  44  4:31  Drone x2, Extractor  
  33  4:51  Drone x3  
  33  4:52  Drone x2, Roach Warren  
  37  4:56  Drone  
  37  4:57  Drone x2  
  40  5:04  Drone x3  
  43  5:14  Zergling x6  
  43  5:15  Zergling x2  
  43  5:16  Zergling x2  
  43  5:18  Zergling x2  
  49  5:23  Overlord  
  49  5:34  Overlord  
  49  5:43  Zergling x2  
  49  5:45  Zergling x8  
  49  5:46  Overlord x2, Zergling x2  
  53  5:53  Roach x2  
  57  6:02  Drone x5  
  62  6:08  Queen  
  55  6:20  Zergling x12  
  55  6:22  Zergling x2  
  55  6:23  Zergling x2  
  61  6:30  Spine Crawler  
  58  6:42  Zergling x8  
  58  6:43  Zergling x6  
  64  6:53  Lair  
  64  7:06  Drone x2  
  64  7:07  Drone  
  64  7:08  Drone  
  68  7:09  Roach  
  68  7:10  Roach x2  
  68  7:11  Spine Crawler, Zergling x2  
  68  7:12  Extractor, Zergling x2  
  74  7:25  Drone x2  
  74  7:26  Drone  
  74  7:27  Overlord x2  
  77  7:37  Drone  
  77  7:40  Drone x3  
  77  7:42  Drone  
  82  7:45  Overlord x2  
  82  7:48  Drone x2  
  84  7:53  Extractor  
  83  7:58  Spire  
  83  8:01  Hydralisk Den  
  83  8:04  Roach x4  
  89  8:05  Zergling x2  
  89  8:06  Zergling x2  
  91  8:14  Drone  
  91  8:16  Drone x4  
  91  8:17  Drone  
  97  8:20  Extractor  
  97  8:22  Overlord  
  97  8:23  Overlord, Extractor  
  97  8:25  Drone x2  
  97  8:32  Drone x2  
  97  8:33  Drone  
  100  8:35  Hydralisk x2  
  104  8:45  Overseer x2  
  105  8:48  Ravager x2  
  105  8:49  Ravager  
  105  8:50  Glial Reconstitution  
  105  8:54  Pneumatized Carapace  
  107  8:58  Zergling x8  
  107  8:59  Zergling x6  
  107  9:00  Roach x2  
  107  9:01  Roach  
  120  9:05  Drone  
  120  9:06  Drone x2  
  120  9:08  Drone x2  
  125  9:10  Drone x3  
  128  9:28  Overlord x3  
  128  9:31  Overlord  
  128  9:33  Hatchery  
  128  9:37  Roach  
  129  9:42  Overlord x2  
  129  9:45  Hydralisk  
  129  9:46  Hydralisk x2  
  129  9:51  Drone x3  
  129  9:52  Drone  
  139  9:55  Evolution Chamber  
  139  9:57  Evolution Chamber  
  139  9:58  Drone  
  138  10:00  Drone x2  
  140  10:26  Hydralisk  
  140  10:27  Hydralisk x6  
  140  10:28  Hydralisk x3  
  156  10:35  Ravager x2  
  162  10:36  Ravager x2  
  162  10:40  Spore Crawler  
  162  10:42  Spore Crawler  
  161  10:47  Queen  
  161  10:48  Drone  
  164  10:53  Spore Crawler x2  
  164  10:55  Spore Crawler  
  161  10:58  Spore Crawler  
  161  11:03  Infestation Pit  
  159  11:04  Drone  
  159  11:06  Hydralisk x5  
  159  11:09  Muscular Augments  
  170  11:12  Zerg Missile Weapons Level 1  
  134  11:55  Hydralisk x2  
  134  11:56  Roach x3, Hydralisk x5  
  134  11:57  Roach x3  
  134  11:59  Overlord x4  
  134  12:00  Overlord  
  124  12:25  Roach  
  124  12:26  Zergling x6, Roach x3  
  124  12:27  Zergling x6  
  124  12:28  Zerg Ground Armor Level 1  
  135  12:37  Queen x2  
  135  12:41  Drone x3  
  135  12:42  Drone x2  
  144  12:47  Extractor  
  144  12:48  Lair  
  144  12:49  Zergling x12  
  139  12:57  Zergling x2  
  127  12:59  Queen  
  129  13:13  Queen  
  127  13:20  Infestation Pit  
  127  13:25  Hydralisk x2  
  127  13:26  Hydralisk x3  
  136  13:28  Zergling x8  
  136  13:29  Zergling x12  
  145  13:48  Zergling x10  
  139  13:49  Zergling x8  
  168  14:24  Ravager  
  168  14:25  Ravager  
  168  14:26  Ravager x2  
Tags
 
Add a new tag
Caveats
  • Supply blocks, unpowered buildings, or Contaminate may cause inaccurate times.
  • Supply counts are checked every 10 seconds.